 Dungeon Crawl Stone Soup version 0.27.1-4-g1640c2035a (webtiles) character file.

Game seed: 15508341720993472658

76 styxcanada the Sneak (level 4, -1/23 HPs)
             Began as a Spriggan Brigand on Nov 9, 2021.
             Was an Initiate of Gozag.
             Killed from afar by a white imp (4 damage)
             ... with a puff of frost
             ... summoned by Natasha
             ... on level 3 of the Dungeon.
             The game lasted 00:11:47 (3392 turns).

styxcanada the Sneak (Spriggan Brigand)             Turns: 3392, Time: 00:11:47

Health: -1/23      AC:  3    Str:  7    XL:     4   Next: 12%
Magic:  5/5        EV: 17    Int: 12    God:    Gozag
Gold:   82         SH:  5    Dex: 17    Spells: 3/3 levels left

rFire    + . .     SeeInvis +   j - +0 short sword (freeze)
rCold    . . .     Faith    .   (shield restricted)
rNeg     . . .     Spirit   .   b - +0 robe
rPois    .         Reflect  +   (helmet restricted)
rElec    .         Harm     .   c - +0 cloak
rCorr    .         Rampage  .   (gloves unavailable)
Will     .....                  (boots unavailable)
Stlth    ++++......             l - amulet of reflection
HPRegen  0.07/turn              g - ring of protection from fire
MPRegen  0.09/turn              (no ring)

@: very quick
A: very small, no large weapons, unfitting armour, see invisible, speed 3
a: Renounce Religion, Potion Petition, Call Merchant, Bribe Branch


You were on level 3 of the Dungeon.
You worshipped Gozag.
Gozag was noncommittal.
You visited 1 branch of the dungeon, and saw 3 of its levels.

You collected 147 gold pieces.
You spent 24 gold pieces at shops.
You paid 41 gold pieces to Gozag.

Inventory:

Hand Weapons
 a - a +2 dagger
 j - a +0 short sword of freezing (weapon)
Missiles
 d - 8 poisoned darts (quivered)
 e - 2 curare-tipped darts
 f - 30 sling bullets
 k - 61 stones
 m - 3 boomerangs
Armour
 b - a +0 robe (worn)
 c - a +0 cloak (worn)
Magical Staves
 v - a staff of cold
Jewellery
 g - a ring of protection from fire (left hand)
 l - an amulet of reflection (around neck)
 u - a +6 ring of strength
Wands
 w - a wand of polymorph (13)
Scrolls
 h - a scroll of vulnerability {unknown}
 n - a scroll of teleportation {unknown}
 s - 2 scrolls of identify
Potions
 i - a potion of curing {unknown}
 o - a potion of flight {unknown}
 p - 3 potions of resistance {unknown}
 q - 2 potions of heal wounds {unknown}
 r - a potion of might {unknown}
 t - a potion of cancellation {unknown}


   Skills:
 * Level 1.9 Fighting
 + Level 2.4 Short Blades
 + Level 2.1 Throwing
 * Level 2.6 Dodging
 * Level 7.5 Stealth


You had 3 spell levels left.
You didn't know any spells.
Your spell library was empty.

Dungeon Overview and Level Annotations

Branches:
Dungeon (3/15)

Altars:
Gozag
Wu Jian

Shops:
D:2 ?

Annotations:
D:3 Natasha


Innate Abilities, Weirdness & Mutations

You are very small and have problems with some larger weapons.
You are too small for most types of armour.
You have supernaturally acute eyesight. (SInv)
You cover ground extremely quickly. (Speed+++)


Message History

The poisoned dart closely misses Natasha.
Unknown command.
Throw: 11 darts (poison)
Press: ? - help, Q - select action, (/) - cycle Shift-Dir - straight line, f/p - Natasha
Aim: Natasha (lightly wounded, poisoned, 53% to hit)
You throw a poisoned dart. The poisoned dart hits Natasha.
Natasha looks even sicker.
Natasha is lightly wounded.
Natasha mumbles some strange words.
You see here a +0 chain mail.
You see here a +0 spear.
Throw: 10 darts (poison)
Press: ? - help, Q - select action, (/) - cycle Shift-Dir - straight line, f/p - Natasha
Aim: Natasha (moderately wounded, poisoned, 53% to hit)
You throw a poisoned dart.
The poisoned dart barely misses the white imp.
The poisoned dart barely misses Natasha.
Throw: 9 darts (poison)
Press: ? - help, Q - select action, (/) - cycle Shift-Dir - straight line, f/p - Natasha
Aim: Natasha (moderately wounded, poisoned, 53% to hit)
You throw a poisoned dart. The poisoned dart hits the white imp.
The white imp misses you.
Unknown command.
The white imp grinds its teeth.
Natasha casts a spell.
Natasha looks more healthy.
The white imp gestures at you. The puff of frost misses you.
Natasha casts a spell at you. The magic dart hits you.
You see here a +0 dagger.
Natasha hisses angrily.
Natasha mumbles some strange words.
The white imp gestures at you. The puff of frost hits you!
* * * LOW HITPOINT WARNING * * *
The white imp gestures at you. The puff of frost hits you.
You die...
Your body crumbles into a pile of gold.

#.####.####.#
## #.##...#
#.## #.##.###
#..########
#.##.#
##.........
#.##[#
##########
#.##.# ##...
#..#.# ##....
#..#.# #_....
#..#@# ##....
#....#
####...
#....#
.[.####
###.)#.#
##.....
#....#5#
.......
#.##.#5#
##....
#.#..5h#
#.....
#.#....#
#.....
#.#....####
#.....


You could see Natasha, 2 crimson imps and a white imp (summoned).

Vanquished Creatures
  An adder (D:2)
  2 worms (D:2)
  4 dart slugs
  5 endoplasms
  2 giant cockroaches (D:3)
  8 goblins
  2 hobgoblins
  3 quokkas
  5 ball pythons
  6 bats
  A frilled lizard (D:2)
  5 kobolds
  8 rats
52 creatures vanquished.

Vanquished Creatures (others)
  A fungus (D:2)
  11 plants (D:2)
12 creatures vanquished.

Grand Total: 64 creatures vanquished

Notes
Turn   | Place    | Note
-------+----------+-------------------------------------------
     0 | D:1      | styxcanada the Spriggan Brigand began the quest for the
                  | Orb.
     0 | D:1      | Reached XP level 1. HP: 10/10 MP: 2/2
    42 | D:1      | Reached skill level 6 in Stealth
   366 | D:1      | Reached XP level 2. HP: 14/14 MP: 3/3
  1336 | D:2      | Reached skill level 7 in Stealth
  1389 | D:2      | Reached XP level 3. HP: 14/18 MP: 4/4
  1928 | D:2      | Found Qocosis's Magic Scroll Boutique.
  1936 | D:2      | Bought a scroll of identify for 24 gold pieces
  2631 | D:2      | Reached XP level 4. HP: 23/23 MP: 5/5
  2878 | D:2      | Found a faded altar of an unknown god.
  3058 | D:3      | Found an ornate altar of the Wu Jian Council.
  3209 | D:3      | Found an opulent altar of Gozag.
  3220 | D:3      | Became a worshipper of Gozag Ym Sagoz the Greedy
  3354 | D:3      | Noticed Natasha
  3392 | D:3      | Killed from afar by a white imp

Illustrated notes

Levels and vault maps discovered:
D:1:      saegor_arrival_miasma, layout_basic, serial_bayou,
          serial_bayou_crossing, serial_bayou_lagoon_a, serial_bayou_lagoon_b,
          serial_bayou_ford_a, minmay_domino_4
D:2:      layout_loops_ring, serial_shops, nicolae_shop_crystal,
          shapermc_ecumenical_altar_acropolis, chequers_big_river
D:3:      layout_rooms, mainiacjoe_overflow_concentric_impassable,
          marbit_many_paths, serial_bayou_pond_d, minmay_rat_hole, uniq_natasha

Skill      XL: |  1  2 |
---------------+-------+-----
Stealth        | 6 7 |  7.5
Dodging        | 2 |  2.6
Fighting       | |  1.9
Short Blades   | |  2.4
Throwing       | |  2.1

Action                   |  1- 3 |  4- 6 || total
-------------------------+-------+-------++-------
Melee: Dagger            |    26 |       ||    26
       Short sword       |    81 |     9 ||    90
Throw: Dart              |    19 |     7 ||    26
 Stab: Sleeping          |    15 |     4 ||    19
Armor: Robe              |    10 |       ||    10
Dodge: Dodged            |    60 |     7 ||    67
Block: Other             |    17 |     1 ||    18
